[Event "Schack-SM 2024: Veteran-SM 65+"]
[Site "Fortnox Arena, Hejaregatan 5, Vaxjo, Sweden"]
[Date "2024.07.04"]
[Round "6.2"]
[White "Malmdin, Nils-Ake"]
[Black "Hedin, Gunnar"]
[Result "1/2-1/2"]
[TimeControl "90 minutes for 40 moves + 30 minutes for the rest of the game + 30 seconds per move from move one."]
[WhiteTitle "FM"]
[WhiteElo "2064"]
[BlackElo "2064"]

1. d4 e6 2. Bf4 f5 3. e3 Nf6 4. Bd3 b6 5. Qe2 Bb7 6. f3 Nh5 7. Nh3 Nxf4 8. Nxf4 Bd6 9. Nd2 Bxf4 10.
exf4 O-O 11. O-O-O Qf6 12. Qe3 Nc6 13. c3 Ne7 14. g3 Rac8 15. Kb1 Nd5 16. Qf2 c5 17. Rhe1 cxd4 18. Qxd4 Qxd4 19.
cxd4 Nb4 20. Bb5 Bc6 21. Bxc6 Rxc6 22. a3 Nc2 23. d5 Rc5 24. Re5 Nd4 25. dxe6 dxe6 26. Rxc5 bxc5 27. Rc1 Rc8 28. b4 c4 29. Rxc4 Rd8 30.
a4 Rd7 31. b5 Kf7 32. Kc1 Kf6 33. Rc5 g5 34. fxg5+ Kxg5 35. a5 Rb7 36. Ne4+ Kg6 37. Nd6 Nb3+ 38. Kc2 Nxc5 39. Nxb7 Nxb7 40.
a6 Nd8 41. Kd3 Kf6 42. Kd4 Ke7 43. Kc5 Kd7 44. b6 axb6+ 45. Kxb6 Nc6 46. f4 Kd6 47. Kb7 Nd8+ 1/2-1/2

[Event "Schack-SM 2024: Veteran-SM 65+"]
[Site "Fortnox Arena, Hejaregatan 5, Vaxjo, Sweden"]
[Date "2024.07.03"]
[Round "5.1"]
[White "Engstrom, Kaj"]
[Black "Blomstrom, Lars"]
[Result "1-0"]
[TimeControl "90 minutes for 40 moves + 30 minutes for the rest of the game + 30 seconds per move from move one."]
[WhiteElo "2163"]
[BlackElo "2122"]

1. e4 e5 2. Nf3 Nc6 3. Bc4 Bc5 4. d3 Nf6 5. O-O O-O 6. Bg5 h6 7. Bh4 Be7 8. c3 d6 9. Nbd2 Na5 10.
Bb5 a6 11. Ba4 b5 12. Bc2 c5 13. d4 Qc7 14. Bg3 Nc6 15. d5 Na5 16. Ne1 c4 17. Ndf3 Nh5 18. Nh4 Nxg3 19. fxg3 g6 20.
Nef3 Nb7 21. Qd2 Kg7 22. h3 Nc5 23. g4 Qd8 24. g3 Bd7 25. Rf2 Rb8 26.
Ng2 a5 27. Ne3 Bg5 28. Nxg5 hxg5 29. Raf1 Qe7 30. Rh2 Rh8 31. Qf2 b4 32. Qd2 b3 33.
axb3 cxb3 34. Bb1 a4 35. Qf2 Bb5 36. c4 Bd7 37. h4 Ra8 38. Qf3 Raf8 39. h5 Be8 40. Kf2 Qf6 41. Rfh1 Qxf3+ 42. Kxf3 Bd7 43. Ke2 Na6 44. Kd2 Nc7 45.
Kc3 Na6 46. Rf2 Nc5 47. Rfh2 Ra8 48. Kd2 Rab8 49. Ke2 Ra8 50. Kd2 a3 51. bxa3 Rxa3 52. h6+ Kf8 53. Rc1 Ra1 54. Kc3 Na4+ 55. Kxb3 Ke7 56. Nd1 Bxg4 57.
Nc3 Nxc3 58. Kxc3 Ra3+ 59. Kd2 Rxg3 60. c5 dxc5 61. Rxc5 Rh3 62. Rc7+ Kd6 63. Rc6+ Kd7 64. Rf2 Ke7 65.
Rc7+ Bd7 66. Bd3 Kd6 67. Ra7 R3xh6 68. Rxf7 Rh2+ 69. Kc3 Rc8+ 70. Kb3 Bg4 71. Rf6+ Kc5 72. Kc3 1-0

[Event "Schack-SM 2024: Veteran-SM 65+"]
[Site "Fortnox Arena, Hejaregatan 5, Vaxjo, Sweden"]
[Date "2024.07.03"]
[Round "5.2"]
[White "Magnussen, Pal"]
[Black "Hedin, Gunnar"]
[Result "1/2-1/2"]
[TimeControl "90 minutes for 40 moves + 30 minutes for the rest of the game + 30 seconds per move from move one."]
[WhiteElo "1905"]
[BlackElo "2064"]

1. e4 e6 2. Qe2 c5 3. Nf3 Nc6 4. g3 e5 5. Bg2 Nf6 6. O-O d6 7. h3 Be7 8. c3 O-O 9. Rd1 Qc7 10.
Na3 Ne8 11. d4 g6 12. d5 Nd8 13. Bh6 Ng7 14. b4 Bd7 15. bxc5 Qxc5 16. Qb2 Rc8 17. Rac1 b6 18. Be3 Qa5 19.
Bf1 Nb7 20. Qb4 f5 21. Nd2 Nh5 22.
exf5 gxf5 23. Nac4 Qxb4 24. cxb4 f4 25. gxf4 Nxf4 26. Kh2 Bf5 27. Bxf4 exf4 28. Nf3 Bf6 29. a4 Bd7 30. b5 Rc5 31.
Nd4 Bxd4 32. Rxd4 Na5 33. Re1 Nxc4 34. Bxc4 Rf7 35. Bd3 Rc3 36. Re2 Ra3 37. Rc2 Rxd3 38. Rxd3 Bf5 39. Rdd2 Bxc2 40.
Rxc2 1/2-1/2

[Event "Schack-SM 2024: Veteran-SM 65+"]
[Site "Fortnox Arena, Hejaregatan 5, Vaxjo, Sweden"]
[Date "2024.07.03"]
[Round "5.3"]
[White "Bohlin, Jan"]
[Black "Malmdin, Nils-Ake"]
[Result "1/2-1/2"]
[TimeControl "90 minutes for 40 moves + 30 minutes for the rest of the game + 30 seconds per move from move one."]
[BlackTitle "FM"]
[WhiteElo "1854"]
[BlackElo "2064"]

1. c4 g6 2. d4 Nf6 3. Nc3 Bg7 4. e4 d6 5. Be2 O-O 6. Bg5 c5 7. d5 e6 8. Qd2 exd5 9. exd5 Re8 10.
Nf3 a6 11. a4 Bg4 12. O-O Qc7 13. Rfe1 Nbd7 14. h3 Bxf3 15. Bxf3 Ne5 16. Be2 Ned7 17. Bd3 Nh5 18. Rxe8+ Rxe8 19.
Re1 Qb8 20. Rxe8+ Qxe8 21. g4 Nhf6 22. Qe2 Kf8 23. Qxe8+ Nxe8 24. Bd2 Bd4 1/2-1/2

[Event "Schack-SM 2024: Veteran-SM 65+"]
[Site "Fortnox Arena, Hejaregatan 5, Vaxjo, Sweden"]
[Date "2024.07.03"]
[Round "5.4"]
[White "Gillefalk, Bjorn"]
[Black "Sigeman, Johan"]
[Result "1/2-1/2"]
[TimeControl "90 minutes for 40 moves + 30 minutes for the rest of the game + 30 seconds per move from move one."]
[WhiteElo "2063"]
[BlackElo "2049"]

1. Nf3 Nf6 2. g3 d5 3. Bg2 c5 4. O-O Nc6 5. d4 e6 6. c4 dxc4 7. Qa4 Bd7 8. dxc5 Na5 9. Qc2 Rc8 10.
Ne5 Rxc5 11. Nxd7 Qxd7 12. Be3 Rc8 13. Bxa7 Be7 14. Rd1 Qb5 15. Nc3 Qb4 1/2-1/2

[Event "Schack-SM 2024: Veteran-SM 65+"]
[Site "Fortnox Arena, Hejaregatan 5, Vaxjo, Sweden"]
[Date "2024.07.03"]
[Round "5.5"]
[White "Andersson, Sven-Olof"]
[Black "Lagerborg, Krister"]
[Result "0-1"]
[TimeControl "90 minutes for 40 moves + 30 minutes for the rest of the game + 30 seconds per move from move one."]
[WhiteElo "1884"]
[BlackElo "2091"]

1. d4 Nf6 2. Nf3 g6 3.
g3 Bg7 4. Bg2 O-O 5. O-O d6 6. b3 c6 7. Bb2 b5 8. Nbd2 Nbd7 9. c4 Rb8 10. cxb5 cxb5 11. e4 Bb7 12. Re1 Nb6 13.
Qe2 a6 14. Rac1 Rc8 15. Rxc8 Qxc8 16. Rc1 Qd7 17. d5 Rc8 18. Qf1 Nxe4 19. Bxg7 Nxd2 20. Rxc8+ Qxc8 21. Qa1 Nxf3+ 22. Bxf3 Bxd5 23. Bxd5 Nxd5 24.
Qd4 Qc5 25. Qb2 f6 26. Bh6 Kf7 27. h4 a5 28. h5 b4 29. Qe2 Nc3 30. Qa6 Qxh5 31. Be3 Qe5 32. Qc8 Kg7 33. Bh6+ Kxh6 34.
Qf8+ Kh5 35. Qg7 Qe1+ 36. Kg2 Qe4+ 37. Kh2 h6 38. g4+ Kxg4 0-1

[Event "Schack-SM 2024: Veteran-SM 65+"]
[Site "Fortnox Arena, Hejaregatan 5, Vaxjo, Sweden"]
[Date "2024.07.03"]
[Round "5.6"]
[White "Wengholm, Anders"]
[Black "Dolata, Henryk"]
[Result "0-1"]
[TimeControl "90 minutes for 40 moves + 30 minutes for the rest of the game + 30 seconds per move from move one."]
[WhiteTitle "CM"]
[WhiteElo "2180"]
[BlackElo "1989"]

1. Nf3 d5 2. d4 e6 3. g3 Nf6 4. Bg2 Be7 5. O-O O-O 6. c4 dxc4 7. Qc2 a6 8. a4 Bd7 9. Rd1 Bc6 10.
Nc3 a5 11. e4 b6 12. d5 exd5 13. e5 Ne8 14. Nxd5 Bxd5 15. Rxd5 Qxd5 16. Ng5 Qd3 17. Qxd3 cxd3 18. Bxa8 c6 19.
Be3 Nc7 20. Bb7 Nd5 21. Nf3 Nxe3 22. fxe3 Rd8 23. Kf2 Bc5 24. Rd1 Kf8 25. Nd4 Bxd4 26. Rxd3 Bxe3+ 27. Rxe3 Rd2+ 28. Kf3 Rxb2 29.
e6 fxe6 30. Bc8 Rxh2 31. Rb3 b5 32. axb5 cxb5 33. Rxb5 Nc6 34. Rc5 Rc2 0-1

[Event "Schack-SM 2024: Veteran-SM 65+"]
[Site "Fortnox Arena, Hejaregatan 5, Vaxjo, Sweden"]
[Date "2024.07.03"]
[Round "5.7"]
[White "Adler, Bo"]
[Black "Alquist, Erik"]
[Result "1/2-1/2"]
[TimeControl "90 minutes for 40 moves + 30 minutes for the rest of the game + 30 seconds per move from move one."]
[WhiteElo "2108"]
[BlackElo "1968"]

1. d4 Nf6 2. c4 g6 3. Nc3 Bg7 4. e4 d6 5. Be2 O-O 6. f4 c5 7. d5 e6 8. Nf3 exd5 9. cxd5 Nbd7 10.
O-O Re8 11. Nd2 c4 12. Kh1 Nc5 13. e5 dxe5 14. Nxc4 exf4 15. Bxf4 Nce4 16. Bf3 Nxc3 17. bxc3 Ne4 18. Bxe4 Rxe4 19.
Nd2 Rxf4 20. Rxf4 Qxd5 21. Ne4 Be6 22. Qxd5 Bxd5 23. Nf6+ Bxf6 24. Rxf6 Rc8 25. Rd6 Bc6 26. Re1 Kf8 27.
Kg1 Rc7 28. Rd8+ Kg7 29. Kf2 h5 30. h4 Bb5 31. Re3 Rd7 32. Rxd7 Bxd7 33. Re7 Bc6 34. g3 Kf6 35. Rc7 Ke6 36. Ke3 Bg2 37. Kd4 Bh1 38.
a4 Bg2 39. a5 a6 40. Rc8 Bh1 41. Rc5 Bg2 42. Re5+ Kf6 43. Re2 Bh1 44. Re5 Bg2 45. Re8 Kf5 46. Ke3 Bc6 47. Rd8 Ke5 48. Rf8 Ke6 49. Kf4 Ke7 50. Rb8 Kf6 51. Rd8 Ke7 52.
Rd4 Kf6 53. Rd6+ Ke7 54. Ke5 Bg2 55. c4 Bh1 56. c5 Bg2 57. Kf4 f6 58. g4 hxg4 59. Kxg4 Bc6 60. h5 gxh5+ 61. Kxh5 Be8+ 62.
Kh6 Kf7 63. Rd8 Bc6 64. Kh5 1/2-1/2

[Event "Schack-SM 2024: Veteran-SM 65+"]
[Site "Fortnox Arena, Hejaregatan 5, Vaxjo, Sweden"]
[Date "2024.07.02"]
[Round "4.1"]
[White "Hedin, Gunnar"]
[Black "Engstrom, Kaj"]
[Result "1/2-1/2"]
[TimeControl "90 minutes for 40 moves + 30 minutes for the rest of the game + 30 seconds per move from move one."]
[WhiteElo "2064"]
[BlackElo "2163"]

1. d4 Nf6 2. c4 e6 3. Nc3 d5 4. cxd5 exd5 5. Bg5 c6 6. e3 Be7 7. Qc2 Nbd7 8. Bd3 Nh5 9. Bxe7 Qxe7 10.
Nge2 g6 11. O-O-O f5 12. Rde1 Nb6 13. Nf4 Nf6 14. h4 Bd7 15. Kb1 O-O-O 16. Na4 1/2-1/2

[Event "Schack-SM 2024: Veteran-SM 65+"]
[Site "Fortnox Arena, Hejaregatan 5, Vaxjo, Sweden"]
[Date "2024.07.02"]
[Round "4.2"]
[White "Blomstrom, Lars"]
[Black "Hogberg, Thomas"]
[Result "1-0"]
[TimeControl "90 minutes for 40 moves + 30 minutes for the rest of the game + 30 seconds per move from move one."]
[WhiteElo "2122"]
[BlackElo "1999"]

1. e4 d6 2. Nc3 Nf6 3. f4 g6 4.
Nf3 Bg7 5. Be2 c5 6. O-O Nc6 7. d3 Bg4 8. Kh1 Qd7 9. e5 Ng8 10. exd6 exd6 11. Ng5 Be6 12. Nxe6 fxe6 13. Ne4 Nge7 14.
c3 O-O 15. Bf3 Rae8 16. Bd2 b6 17. Qa4 d5 18. Ng5 h6 19. Nh3 Nf5 20. Rae1 Qd6 21. Bc1 Re7 22. g3 Rfe8 23. Bg2 Kh7 24.
Kg1 Rb8 25. Nf2 b5 26. Qc2 a5 27. Ng4 Rbe8 28. Qf2 b4 29. Bd2 h5 30. Ne3 Nh6 31. Nc2 e5 32. Ne3 exf4 33. Nxd5 Rxe1 34.
Rxe1 fxg3 35. Qxg3 Be5 36. Rxe5 Nxe5 37. Qg5 Nhg4 38. Bf4 Qe6 39. Bg3 Rf8 40. Nf4 Qf5 41. Qxf5 Rxf5 42. Be4 Rf6 43.
Nxh5 Rf8 44. Nf4 Kh6 45. Ne6 Rf6 46. Nxc5 bxc3 47. bxc3 Nf3+ 48. Bxf3 Rxf3 49. Kg2 Re3 50. Bf4+ Re5 51. Bg3 Rf5 1-0

[Event "Schack-SM 2024: Veteran-SM 65+"]
[Site "Fortnox Arena, Hejaregatan 5, Vaxjo, Sweden"]
[Date "2024.07.02"]
[Round "4.3"]
[White "Lagerborg, Krister"]
[Black "Magnussen, Pal"]
[Result "0-1"]
[TimeControl "90 minutes for 40 moves + 30 minutes for the rest of the game + 30 seconds per move from move one."]
[WhiteElo "2091"]
[BlackElo "1905"]

1. c4 Nf6 2. g3 c6 3. Nc3 d5 4. cxd5 Nxd5 5. Nf3 e6 6. Bg2 Be7 7. O-O h5 8. d4 h4 9. e4 Nxc3 10.
bxc3 h3 11. Bh1 Nd7 12. Be3 Nf6 13. Ne5 Qc7 14. f4 c5 15. Qb3 Kf8 16. Rad1 a6 17. d5 b5 18. Nxf7 c4 19. Qc2 Kxf7 20.
d6 Bxd6 21. Rxd6 Qxd6 22. e5 Qb8 23. exf6 gxf6 24. Bxa8 Qxa8 25. Bd4 Qc6 26. Rf2 Bb7 27. Kf1 Qh1+ 28. Ke2 Be4 29. Qd1 Bd3+ 30.
Kd2 Qd5 31. Qf3 Be4 32. Qe2 b4 33. Kc1 Rb8 34. Qh5+ Qxh5 0-1

[Event "Schack-SM 2024: Veteran-SM 65+"]
[Site "Fortnox Arena, Hejaregatan 5, Vaxjo, Sweden"]
[Date "2024.07.02"]
[Round "4.4"]
[White "Malmdin, Nils-Ake"]
[Black "Andersson, Sven-Olof"]
[Result "1/2-1/2"]
[TimeControl "90 minutes for 40 moves + 30 minutes for the rest of the game + 30 seconds per move from move one."]
[WhiteTitle "FM"]
[WhiteElo "2064"]
[BlackElo "1884"]

1. e4 c6 2. d4 d5 3. Nc3 dxe4 4. Nxe4 Nf6 5. Nxf6+ exf6 6. c3 Bd6 7. Bd3 O-O 8. Ne2 Re8 9.
Qc2 g6 10. Bh6 f5 11. h4 Nd7 12. O-O-O Nf6 13. Bg5 Be7 14. f3 Nd5 15. Qd2 Bxg5 16. hxg5 Ne3 17. Rde1 Qxg5 18. g3 Qd8 19.
Nf4 Nd5 20. Rxe8+ Qxe8 21. Nxd5 cxd5 22. Qh6 Be6 23. Bb5 Qd8 24. Qxh7+ Kf8 25. Qh8+ Ke7 26. Qh4+ Kd6 27. Qf4+ Ke7 28.
g4 a6 29. Ba4 Rc8 30. Bc2 fxg4 31. fxg4 Qd6 32. Qg5+ Kd7 33. Qf6 Qe7 34. Qe5 Qd6 35. Qf6 Qe7 36. Qe5 1/2-1/2

[Event "Schack-SM 2024: Veteran-SM 65+"]
[Site "Fortnox Arena, Hejaregatan 5, Vaxjo, Sweden"]
[Date "2024.07.02"]
[Round "4.5"]
[White "Sigeman, Johan"]
[Black "Bohlin, Jan"]
[Result "1/2-1/2"]
[TimeControl "90 minutes for 40 moves + 30 minutes for the rest of the game + 30 seconds per move from move one."]
[WhiteElo "2049"]
[BlackElo "1854"]

1. d4 Nf6 2. Nf3 d5 3. g3 e6 4. Bg2 Be7 5. O-O O-O 6. c4 dxc4 7. Qc2 a6 8. a4 Bd7 9. Ne5 Bc6 10.
Nxc6 Nxc6 11. e3 Na5 12. Nd2 c5 13. Nxc4 cxd4 14. Nxa5 Qxa5 15. exd4 Nd5 16. Bd2 Bb4 17. Be3 Rac8 18.
Qb3 Rfd8 19. Rac1 h6 20. Rc2 Rxc2 21. Qxc2 b5 22. axb5 Qxb5 23. Rc1 a5 24. Qc6 Qxc6 1/2-1/2

[Event "Schack-SM 2024: Veteran-SM 65+"]
[Site "Fortnox Arena, Hejaregatan 5, Vaxjo, Sweden"]
[Date "2024.07.02"]
[Round "4.6"]
[White "Ekelund, Kurt"]
[Black "Wengholm, Anders"]
[Result "1/2-1/2"]
[TimeControl "90 minutes for 40 moves + 30 minutes for the rest of the game + 30 seconds per move from move one."]
[BlackTitle "CM"]
[WhiteElo "1907"]
[BlackElo "2180"]

1. e4 c5 2. Nf3 e6 3. d4 cxd4 4.
Nxd4 Nf6 5. Nc3 d6 6. Be2 a6 7. O-O Be7 8. Be3 O-O 9. f4 Nc6 10. Qe1 Bd7 11. Qg3 b5 12. a3 Qb8 13.
Rad1 b4 14. axb4 Qxb4 15. e5 Ne8 16. Bf3 Rc8 17. Ne4 d5 18. c3 Qxb2 19. Rb1 1/2-1/2

[Event "Schack-SM 2024: Veteran-SM 65+"]
[Site "Fortnox Arena, Hejaregatan 5, Vaxjo, Sweden"]
[Date "2024.07.02"]
[Round "4.7"]
[White "Green, Per"]
[Black "Adler, Bo"]
[Result "1/2-1/2"]
[TimeControl "90 minutes for 40 moves + 30 minutes for the rest of the game + 30 seconds per move from move one."]
[WhiteElo "1944"]
[BlackElo "2108"]

1. c4 e5 2. g3 Nf6 3. Bg2 Nc6 4. Nf3 d6 5. Nc3 Be7 6. d4 Bg4 7. Be3 O-O 8. h3 exd4 9. Nxd4 Bd7 10.
Nxc6 Bxc6 11. Bxc6 bxc6 12. O-O Nd7 13. Qd2 Bf6 14. Ne4 Re8 15. Nxf6+ Qxf6 16. Rac1 a5 17. b3 c5 18. Kh2 Qe6 19.
Rfe1 Nf6 20. Rcd1 h6 21. Rb1 Ne4 22. Qd3 g5 23. Kg2 f5 24. Bd2 Qe5 25. f4 Qd4 26. Be3 Qg7 27. fxg5 hxg5 28.
Qd5+ Qf7 29. Qd3 Nxg3 30. Bxg5 Ne4 31. Bf4 Kh7 32. Qf3 Rg8+ 33. Kh2 Rg6 34. Rg1 Rxg1 35. Rxg1 a4 36. Bc1 Rg8 37.
Rxg8 Kxg8 38. Bb2 axb3 39. axb3 Qg6 40. Qd3 Kh7 41. Qf3 Kg8 42. Bc1 Kf7 43. Bf4 Ke6 44. Qd3 c6 45. Qf3 Kd7 46.
Bc1 Nf6 47. Bb2 Ne4 48. Bc1 Qf6 49. Bf4 Qg6 50. Bc1 Ke6 51. Bf4 Kd7 52. Bc1 1/2-1/2

[Event "Schack-SM 2024: Veteran-SM 65+"]
[Site "Fortnox Arena, Hejaregatan 5, Vaxjo, Sweden"]
[Date "2024.07.01"]
[Round "3.1"]
[White "Engstrom, Kaj"]
[Black "Malmdin, Nils-Ake"]
[Result "1-0"]
[TimeControl "90 minutes for 40 moves + 30 minutes for the rest of the game + 30 seconds per move from move one."]
[BlackTitle "FM"]
[WhiteElo "2163"]
[BlackElo "2064"]

1. e4 d5 2. exd5 Nf6 3. Nc3 Nxd5 4.
Bc4 e6 5. Nf3 Be7 6. O-O O-O 7. Re1 Nb6 8. Bb3 a5 9. a3 Na6 10. d3 Nc5 11. Ba2 Nca4 12. Ne4 Nc5 13. Ng3 Nd5 14.
d4 Na6 15. c4 Nf6 16. Be3 b6 17. Qc2 Bb7 18. Ne5 c5 19. Rad1 cxd4 20. Bxd4 Qc7 21. Bb1 g6 22. h4 Bc5 23. Bc3 Rad8 24. h5 Rxd1 25. Rxd1 Nb8 26. Qd2 Nc6 27.
Nd3 Bd4 28. Bxd4 Nxd4 29. Qg5 Ne4 30. Nxe4 Bxe4 31. h6 f6 32. Qe3 Bxd3 33. Qxd4 Bxb1 34. Rxb1 Qd8 35. Qg4 f5 36. Qe2 Qf6 37.
Rd1 g5 38. Rd6 Re8 39. Rxb6 Qxh6 40. c5 g4 41. Qe1 f4 42. Qe5 a4 43. c6 Rd8 44. Rb8 Rxb8 45. Qxb8+ Kf7 46. Qb7+ Kf6 47.
c7 1-0

[Event "Schack-SM 2024: Veteran-SM 65+"]
[Site "Fortnox Arena, Hejaregatan 5, Vaxjo, Sweden"]
[Date "2024.07.01"]
[Round "3.2"]
[White "Wedin, Svante"]
[Black "Hedin, Gunnar"]
[Result "0-1"]
[TimeControl "90 minutes for 40 moves + 30 minutes for the rest of the game + 30 seconds per move from move one."]
[WhiteElo "1907"]
[BlackElo "2064"]

1. e4 e6 2. d4 d5 3. Nc3 Bb4 4.
e5 c5 5.
a3 Bxc3+ 6. bxc3 Qc7 7. Nf3 Ne7 8. Be2 b6 9. O-O h6 10. a4 Ba6 11. Bb5+ Bxb5 12. axb5 a5 13. bxa6 Rxa6 14.
Rxa6 Nxa6 15. Ba3 O-O 16. Qb1 Nb8 17. Qb5 Nd7 18. Qa6 Qc6 19. Qd3 Ra8 20. Bc1 Ra2 21. Be3 Qa4 22. Ne1 Ra3 23.
Bc1 Ra1 24. Be3 cxd4 25. cxd4 Qb4 26. Bd2 Qc4 27. Bc3 Rb1 28. g3 b5 29. Qxc4 dxc4 30. Ng2 Rxf1+ 31. Kxf1 Nd5 32. Ba5 Nb8 33.
Bd2 Nc6 34. Be3 b4 35. Ke1 Nc3 36. Kd2 Nb5 37. Ne1 f6 38. exf6 gxf6 39. Nf3 Kg7 40. Kc1 h5 41. Nd2 Na5 42.
Ne4 Nc7 43. Bf4 Nd5 44. Bd6 Nc6 45. Nd2 Na5 46. Ne4 Nb7 47. Bb8 f5 48. Be5+ Kf7 49. Ng5+ Ke7 50. Nh3 Nd8 51. Nf4 Nxf4 52.
Bxf4 Nc6 53. Be3 Kd6 54. c3 b3 55. Kd1 Kd5 56. Bf4 Ke4 0-1

[Event "Schack-SM 2024: Veteran-SM 65+"]
[Site "Fortnox Arena, Hejaregatan 5, Vaxjo, Sweden"]
[Date "2024.07.01"]
[Round "3.3"]
[White "Andersson, Sven-Olof"]
[Black "Sigeman, Johan"]
[Result "1/2-1/2"]
[TimeControl "90 minutes for 40 moves + 30 minutes for the rest of the game + 30 seconds per move from move one."]
[WhiteElo "1884"]
[BlackElo "2049"]

1. d4 d5 2. Nf3 Nf6 3. g3 e6 4. Bg2 c5 5. e3 Nc6 6. b3 Bd6 7. Bb2 O-O 8. Nbd2 Qe7 9. Ne5 Nd7 10.
Nxd7 Bxd7 11. O-O cxd4 12. exd4 Ba3 13. Qc1 1/2-1/2

[Event "Schack-SM 2024: Veteran-SM 65+"]
[Site "Fortnox Arena, Hejaregatan 5, Vaxjo, Sweden"]
[Date "2024.07.01"]
[Round "3.4"]
[White "Wengholm, Anders"]
[Black "Green, Per"]
[Result "1/2-1/2"]
[TimeControl "90 minutes for 40 moves + 30 minutes for the rest of the game + 30 seconds per move from move one."]
[WhiteTitle "CM"]
[WhiteElo "2180"]
[BlackElo "1944"]

1. d4 Nf6 2. c4 e6 3. Nf3 d5 4. g3 dxc4 5. Bg2 c5 6. O-O Nc6 7. Qa4 Bd7 8. Qxc4 b5 9. Qd3 c4 10.
Qd1 Rc8 11. b3 cxb3 12. axb3 Qb6 13. Bg5 Be7 14. Nbd2 h6 15. Bxf6 Bxf6 16. Ne4 Be7 1/2-1/2

[Event "Schack-SM 2024: Veteran-SM 65+"]
[Site "Fortnox Arena, Hejaregatan 5, Vaxjo, Sweden"]
[Date "2024.07.01"]
[Round "3.5"]
[White "Vrabec, Josip"]
[Black "Blomstrom, Lars"]
[Result "0-1"]
[TimeControl "90 minutes for 40 moves + 30 minutes for the rest of the game + 30 seconds per move from move one."]
[WhiteElo "1926"]
[BlackElo "2122"]

1. e4 e5 2. Nf3 Nc6 3. Bb5 a6 4.
Bxc6 dxc6 5. O-O Qd6 6. d4 exd4 7. Qxd4 Qxd4 8. Nxd4 Bd7 9. Bg5 f6 10. Bf4 O-O-O 11. c3 Ne7 12. Nd2 Ng6 13.
Be3 Re8 14. Rfe1 Ne5 15. Rab1 g6 16. h3 Bd6 17. b3 c5 18. Ne2 f5 19. f3 Bc6 20. Nf4 g5 21. Nd5 Bxd5 22. exd5 Nd3 23.
Bf2 Nxe1 24. Rxe1 Rxe1+ 25. Bxe1 Re8 26. Kf1 b5 27. c4 c6 28. dxc6 Kc7 29. g4 Kxc6 30. gxf5 Rf8 31. Ne4 Rxf5 32.
Ke2 h6 33. Bc3 Be5 34. Bd2 bxc4 35. bxc4 Rf7 36. a4 Rb7 37. Nf2 Bd4 38. Ng4 h5 39. Nh2 Be5 40. Nf1 Bf4 0-1

[Event "Schack-SM 2024: Veteran-SM 65+"]
[Site "Fortnox Arena, Hejaregatan 5, Vaxjo, Sweden"]
[Date "2024.07.01"]
[Round "3.6"]
[White "Larsson, Per-Olov"]
[Black "Lagerborg, Krister"]
[Result "0-1"]
[TimeControl "90 minutes for 40 moves + 30 minutes for the rest of the game + 30 seconds per move from move one."]
[WhiteElo "1933"]
[BlackElo "2091"]

1. e4 c5 2. c3 Nf6 3. e5 Nd5 4. Bc4 Nb6 5. Bb3 d5 6. exd6 Qxd6 7. Nf3 c4 8. Bc2 Qe6+ 9. Qe2 Qxe2+ 10. Kxe2 f6 11. b3 e5 12. Ba3 Nc6 13. Bxf8 Kxf8 14. Na3 Be6 15. bxc4 Nxc4 16. Nb5 Rd8 17. Bb3 a6 18. Na3 N6a5 19.
Nxc4 Bxc4+ 20. Bxc4 Nxc4 21. Rab1 Rd7 22. Rb4 Na5 23. d4 exd4 24. Rxd4 Re7+ 25. Kd2 Kf7 26. Re1 Rc7 27. Kd3 Rhc8 28.
Rc1 Nc4 29. Rc2 Na3 30. Rc1 Nb5 31. Rh4 Rxc3+ 32. Rxc3 Rxc3+ 33. Kd2 Ra3 34. Rxh7 Rxa2+ 35. Ke3 Nc3 36. Nd2 Nd1+ 0-1

[Event "Schack-SM 2024: Veteran-SM 65+"]
[Site "Fortnox Arena, Hejaregatan 5, Vaxjo, Sweden"]
[Date "2024.07.01"]
[Round "3.7"]
[White "Gillefalk, Bjorn"]
[Black "Ekelund, Kurt"]
[Result "1/2-1/2"]
[TimeControl "90 minutes for 40 moves + 30 minutes for the rest of the game + 30 seconds per move from move one."]
[WhiteElo "2063"]
[BlackElo "1907"]

1. Nf3 Nf6 2. g3 g6 3. Bg2 Bg7 4. d4 d6 5. O-O O-O 6. c4 Nc6 7. d5 Na5 8. Na3 c5 9. Nd2 a6 10.
Rb1 b6 11. b3 Bd7 12. Bb2 b5 13. e4 Rb8 14. Re1 bxc4 15. Naxc4 Nxc4 16. Nxc4 Bb5 17. Bf1 Nd7 18. Bxg7 Kxg7 19.
Qd2 Bxc4 20. Bxc4 Ne5 21. Be2 Rb4 22. f4 Nd7 23. Bxa6 Rd4 24. Qc3 Kg8 25. Re2 Nf6 26. Rbe1 Qa8 27.
Bc4 Qa3 28. Kg2 Rb8 29. Qf3 Nd7 30. e5 Nb6 31. exd6 exd6 32. f5 Qa8 33. f6 Nxd5 34. Bxd5 Rxd5 35. Kg1 h5 1/2-1/2

[Event "Schack-SM 2024: Veteran-SM 65+"]
[Site "Fortnox Arena, Hejaregatan 5, Vaxjo, Sweden"]
[Date "2024.06.30"]
[Round "2.1"]
[White "Westin, Ake"]
[Black "Engstrom, Kaj"]
[Result "0-1"]
[TimeControl "90 minutes for 40 moves + 30 minutes for the rest of the game + 30 seconds per move from move one."]
[WhiteElo "2023"]
[BlackElo "2163"]

1. Nf3 d5 2. g3 Nf6 3. Bg2 Bf5 4. O-O e6 5. d3 h6 6. Nbd2 Nbd7 7. e3 c6 8. Qe2 e5 9. e4 dxe4 10.
dxe4 Bg4 11. Nc4 Qc7 12. h3 Be6 13. Nh4 g6 14. f4 Nh5 15. Rf3 exf4 16. g4 Bxc4 17.
Qxc4 Ne5 18. Qc3 Nxf3+ 19. Qxf3 Ng3 20. Kh2 Bd6 21. Bd2 Be5 22. Bc3 O-O-O 0-1

[Event "Schack-SM 2024: Veteran-SM 65+"]
[Site "Fortnox Arena, Hejaregatan 5, Vaxjo, Sweden"]
[Date "2024.06.30"]
[Round "2.2"]
[White "Green, Per"]
[Black "Malmdin, Nils-Ake"]
[Result "0-1"]
[TimeControl "90 minutes for 40 moves + 30 minutes for the rest of the game + 30 seconds per move from move one."]
[BlackTitle "FM"]
[WhiteElo "1944"]
[BlackElo "2064"]

1. c4 c5 2. g3 Nc6 3. Bg2 g6 4. Nc3 Bg7 5. Nf3 d6 6. O-O Bf5 7. h3 Qc8 8. Kh2 h6 9. d3 g5 10.
e4 Bd7 11. Be3 g4 12. Ng1 gxh3 13. Bxh3 Nf6 14. f3 h5 15. Bxd7+ Qxd7 16. Kg2 O-O-O 17. Nh3 Rdg8 18. a3 h4 19.
g4 Nxg4 20. fxg4 Bxc3 21. bxc3 Rxg4+ 22. Kf2 Rg3 23. Nf4 Ne5 24. Bc1 Rhg8 25. Rb1 Ng4+ 26. Ke1 Nh2 27. Rh1 Rg1+ 28. Kf2 Rxd1 29.
Rxd1 Qg4 30. Ke1 Nf3+ 31. Kf2 Qg3+ 32. Ke2 Qh2+ 33. Ke3 Rg3 34. Ne2 Nd4+ 35. Nxg3 Qxg3+ 36. Kd2 Qf2# 0-1

[Event "Schack-SM 2024: Veteran-SM 65+"]
[Site "Fortnox Arena, Hejaregatan 5, Vaxjo, Sweden"]
[Date "2024.06.30"]
[Round "2.3"]
[White "Wengholm, Anders"]
[Black "Wedin, Svante"]
[Result "1/2-1/2"]
[TimeControl "90 minutes for 40 moves + 30 minutes for the rest of the game + 30 seconds per move from move one."]
[WhiteTitle "CM"]
[WhiteElo "2180"]
[BlackElo "1907"]

1. Nf3 Nf6 2. c4 c5 3. g3 Nc6 4. Bg2 g6 5. Nc3 Bg7 6. d4 cxd4 7. Nxd4 O-O 8. O-O Qb6 9. Nc2 d6 10.
b3 Be6 11. Be3 Qa5 12. Bd2 Qh5 13. Rc1 Bh3 14. f3 Bxg2 15. Kxg2 d5 16. cxd5 Nxd5 17. Nxd5 Qxd5 18. Nb4 Nxb4 19.
Bxb4 Qe6 20. Rc4 Rfd8 21. Qc2 Bf6 22. Rd1 Rxd1 23. Qxd1 Qa6 24. Qc2 Rd8 25. a4 Qe6 26. Rc7 1/2-1/2